 Dungeon Crawl Stone Soup version 0.24.0-123-gd5b16e6ec5 (webtiles) character file.

Game seed: 9442353974352145316, levelgen mode: deterministic

80 Mrkan the Skirmisher (level 4, -11/29 HPs)
             Began as a Gargoyle Fighter on Jan 21, 2020.
             Killed by divine providence
             ... invoked by an orc priest
              (16 damage)
             ... on level 3 of the Dungeon.
             The game lasted 00:02:57 (1911 turns).

Mrkan the Skirmisher (Gargoyle Fighter)             Turns: 1911, Time: 00:02:57

Health: -11/29     AC: 15    Str: 20    XL:     4   Next: 39%
Magic:  4/4        EV:  5    Int:  9    God:
Gold:   125        SH:  9    Dex:  9    Spells: 3/3 levels left

rFire    . . .     SeeInvis .   a - +0 flail
rCold    . . .     Gourm    .   c - +0 shield
rNeg     + . .     Faith    .   h - +0 chain mail
rPois    ∞         Spirit   .   (no helmet)
rElec    +         Reflect  .   (no cloak)
rCorr    .         Harm     .   r - +0 pair of gloves (curse)
MR       .....                  s - +0 pair of boots
Stlth    ..........             (no amulet)
HPRegen  0.09/turn              (no ring)
MPRegen  0.09/turn              (no ring)

@: no status effects
A: negative energy resistance 1, electricity resistance, unbreathing,
petrification resistance, rot immunity, AC +3
a: no special abilities


You were on level 3 of the Dungeon.
You were not hungry.

You visited 1 branch of the dungeon, and saw 3 of its levels.

You collected 125 gold pieces.

Inventory:

Hand Weapons
 a - a +0 flail (weapon)
Armour
 c - a +0 shield (worn)
 h - a +0 chain mail (worn)
 r - a cursed +0 pair of gloves (worn)
 s - a +0 pair of boots (worn)
Jewellery
 q - a cursed -5 ring of intelligence {unknown}
Scrolls
 e - 2 scrolls of enchant weapon {unknown}
 g - 4 scrolls of identify {unknown}
 j - a scroll of immolation {unknown}
 n - a scroll of amnesia {unknown}
Potions
 d - a potion of might
 i - 3 potions of curing {unknown}
 k - a potion of lignification {unknown}
 l - a potion of haste {unknown}
 m - a potion of brilliance {unknown}
 o - a potion of berserk rage {unknown}
 p - a potion of ambrosia {unknown}
 t - a potion of degeneration {unknown}
Comestibles
 f - 3 rations


   Skills:
 + Level 3.9 Fighting
 * Level 3.2 Maces & Flails
 + Level 3.8 Armour
 + Level 3.8 Shields


You had 3 spell levels left.
You didn't know any spells.
Your spell library was empty.

Dungeon Overview and Level Annotations

Branches:
Dungeon (3/15)

Altars:
Yredelemnul


Innate Abilities, Weirdness & Mutations

You are resistant to torment.
Your stone body is resilient. (AC +3)
You are immune to poison.
You resist negative energy. (rN+)
You are resistant to electric shocks. (rElec)
You can survive without breathing.
You are immune to petrification.
You are immune to rotting.


Message History

You sock the orc!
You kill the orc!
You block the adder's attack.
You barely miss the adder. The adder bites you but does no damage.
You block the adder's attack.
The orc priest mumbles some strange prayers to Beogh against you.
Beogh smites you!
Your shield and chain mail prevent you from hitting the adder.
The adder bites you but does no damage. You block the adder's attack.
You closely miss the adder.
The orc priest invokes the aid of Beogh against you.
Beogh smites you!
* * * LOW HITPOINT WARNING * * *
The adder bites you but does no damage.
Your shield and chain mail prevent you from hitting the adder.
You block the adder's attack. The adder bites you but does no damage.
The orc priest mumbles some strange prayers to Beogh against you.
Beogh smites you!
Ouch! That really hurt!
You die...

#.# .# #.# . #.# #.#
#. #(# ######.#####
#.. #.# #.....#.....
.... #.# #.##.###.##<
#....
#.####.###.#.###.
#....S##...........##
#.
.....oS@.####.####.#
#.
#....o##.####.####)#
#. ...#.
#...........# #. # #
######.###..# #.
.########.# #..# #.
.......>..# #..# #.
########..# #..####.
#..###.....#.
#..).........


You could see an orc priest, 2 adders and an orc.

Vanquished Creatures
  3 adders
  A worm (D:2)
  An orc (D:3)
  4 giant cockroaches
  8 hobgoblins
  7 kobolds
  4 ball pythons
  7 bats
  4 frilled lizards
  5 goblins
  3 rats
47 creatures vanquished.

Notes
Turn   | Place    | Note
-------+----------+-------------------------------------------
     0 | D:1      | Mrkan the Gargoyle Fighter began the quest for the Orb.
     0 | D:1      | Reached XP level 1. HP: 14/14 MP: 1/1
   137 | D:1      | Reached XP level 2. HP: 17/19 MP: 2/2
   939 | D:2      | Reached XP level 3. HP: 22/23 MP: 3/3
  1109 | D:2      | Found a basalt altar of Yredelemnul.
  1439 | D:2      | Reached XP level 4. HP: 29/29 MP: 4/4
  1911 | D:3      | Killed from afar by an orc priest

Levels and vault maps discovered:
D:1:      eino_arrival_tree_alley, layout_basic, minmay_heptomino_d4
D:2:      layout_loops_ring, yredelemnul_altar_generic, serial_bayou,
          serial_bayou_pond_a, serial_bayou_crossing, serial_bayou_pond_a,
          serial_bayou_pond_c
D:3:      layout_loops_ring, kennysheep_slug_shrine, uniq_robin, uniq_natasha

Skill      XL: |  1  2  3 |
---------------+----------+-----
Maces & Flails | 3 |  3.2
Fighting       | |  3.9
Armour         | |  3.8
Shields        | |  3.8

Action                   |  1- 3 |  4- 6 || total
-------------------------+-------+-------++-------
Melee: Flail             |   124 |    52 ||   176
  Eat: Chunk             |     1 |     3 ||     4
Armor: Chain mail        |    77 |    34 ||   111
       Scale mail        |     3 |       ||     3
Dodge: Dodged            |    25 |    16 ||    41
Block: Shield            |    64 |    32 ||    96
